 Dungeon Crawl Stone Soup version 0.28.0 (console) character file.

Game seed: 109023400574826161

478 ryathie the Skirmisher (level 7, -3/45 HPs)
             Began as a Gargoyle Fighter on Feb 19, 2022.
             Was a Follower of the Shining One.
             Slain by an ogre (10 damage)
             ... on level 5 of the Dungeon.
             The game lasted 00:07:37 (2016 turns).

ryathie the Skirmisher (Gargoyle Fighter)           Turns: 2016, Time: 00:07:38

Health: -3/45      AC: 13    Str: 19    XL:     7   Next: 11%
Magic:  7/7        EV:  9    Int:  9    God:    the Shining One [*.....]
Gold:   0          SH:  4    Dex: 11    Spells: 6/6 levels left

rFire   . . .      SeeInvis .   a - +0 war axe
rCold   + . .      Faith    .   c - +0 buckler
rNeg    + . .      Spirit   .   b - +0 scale mail
rPois   ∞          Reflect  .   f - +0 helmet
rElec   +          Harm     .   n - +0 cloak
rCorr   .          Rampage  .   (no gloves)
Will    .....                   (no boots)
Stlth   ..........              (no amulet)
HPRegen 0.15/turn               q - ring of protection from cold
MPRegen 0.10/turn               (no ring)

@: glowing
A: sickness immunity, AC +4, negative energy resistance 1, electricity
resistance, torment resistance 1, petrification resistance
a: Renounce Religion, Divine Shield


You were on level 5 of the Dungeon.
You worshipped the Shining One.
The Shining One was aware of your devotion.
You visited 2 branches of the dungeon, and saw 7 of its levels.

You collected 112 gold pieces.
You spent 112 gold pieces at shops.

Inventory:

Hand Weapons
 a - a +0 war axe (weapon)
Armour
 b - a +0 scale mail (worn)
 c - a +0 buckler (worn)
 f - a +0 helmet (worn)
 n - a +0 cloak (worn)
Jewellery
 q - a ring of protection from cold (left hand)
Wands
 e - a wand of polymorph (12)
 g - a wand of iceblast (20)
 r - a wand of flame (19)
 t - a wand of acid (8)
Scrolls
 k - a scroll of magic mapping
 o - a scroll of fog
Potions
 d - 2 potions of might
 h - 2 potions of brilliance {unknown}
 i - a potion of ambrosia
 j - 3 potions of curing {unknown}
 m - a potion of attraction
 p - a potion of heal wounds
 s - 2 potions of lignification
 u - a potion of berserk rage


   Skills:
 + Level 5.8 Fighting
 + Level 4.4 Axes
 - Level 3.2 Armour
 - Level 3.2 Shields
 + Level 3.0 Evocations


You had 6 spell levels left.
You didn't know any spells.
Your spell library contained the following spells:

 Spells                   Type           Power      Damage    Failure   Level
 Foxfire                  Conj/Fire      0%         2x1d4     85%         1
 Conjure Flame            Conj/Fire      0%         6-21      99%         3
 Inner Flame              Hex/Fire       0%         N/A       99%         3
 Flame Wave               Conj/Fire      0%         2d4       100%        4


Dungeon Overview and Level Annotations

Branches:
Dungeon (6/15)             Temple (1/1) D:4

Altars:
Ashenzari
Cheibriados
Dithmenos
Kikubaaqudgha
Okawaru
Ru
Sif Muna
Vehumet
Wu Jian
Xom
Zin
The Shining One

Shops:
D:5 *

Annotations:
D:6 1 runed translucent door, dropkickpikachu's ghost, novice MiBe


Innate Abilities, Weirdness & Mutations

You are immune to sickness and miasma.
Your stone body is resilient. (AC +4)
You are immune to poison.
You resist negative energy. (rN+)
You are resistant to electric shocks. (rElec)
You are resistant to unholy torment.
You are immune to petrification.


Message History

The bullfrog skeleton closely misses you.
You slash the bullfrog skeleton!
The bullfrog skeleton is almost destroyed.
The bullfrog skeleton hits you but does no damage.
The bullfrog skeleton hits you.
You slash the bullfrog skeleton!
You destroy the bullfrog skeleton!
The Shining One accepts your kill.
Your Evocations skill increases to level 3!
There is an entrance to Boinn's General Store here.
u - a potion of berserk rage Thank you for shopping at Boinn's General Store!
Unknown command.
s - 2 potions of lignification (gained 1) Thank you for shopping at Boinn's General Store!
Unknown command.
Okay, then.
As you read the scroll labelled VURORY VOKK, it crumbles to dust.
It is a scroll of identify.
p - a potion of heal wounds
As you read the scroll of identify, it crumbles to dust.
m - a potion of attraction
As you read the scroll of identify, it crumbles to dust.
i - a potion of ambrosia Unknown command.
You open the door.
There is an open door here.
An ogre comes into view. It is wielding a +0 giant club.
The ogre shouts!
You slash the ogre!
The ogre is heavily wounded.
The ogre hits you but does no damage.
You barely miss the ogre.
The ogre is heavily wounded.
The ogre hits you with a +0 giant club!!
* * * LOW HITPOINT WARNING * * *
You hit the ogre.
The ogre is heavily wounded.
The ogre hits you with a +0 giant club!
You die...

#.# #.#
#.# #.#
#.#
#.#######
#.......#
#######.#
#@# #O#
#.#
##.#####.#
.........#
##.#######


You could see an ogre.

Vanquished Creatures
  Menkaure (D:6)
  A black bear (D:5)
  A scorpion (D:4)
  A hound (D:5)
  A jelly (D:6)
  2 bullfrog skeletons (D:5)
  A howler monkey zombie (D:6)
  Robin (D:1)
  An adder (D:5)
  A white imp (D:6)
  An ufetubus (D:6)
  An adder skeleton (D:4)
  A dart slug (D:5)
  2 orcs
  6 bats
  4 endoplasms
  2 giant cockroaches
  8 goblins
  5 hobgoblins
  2 jackals (D:5)
  2 quokkas
  A ball python (D:3)
  A frilled lizard (D:1)
  5 kobolds
  A rat (D:1)
53 creatures vanquished.

Notes
Turn   | Place    | Note
-------+----------+-------------------------------------------
     0 | D:1      | ryathie the Gargoyle Fighter began the quest for the Orb.
     0 | D:1      | Reached XP level 1. HP: 14/14 MP: 1/1
    73 | D:1      | Reached XP level 2. HP: 6/19 MP: 2/2
    96 | D:1      | Found a faded altar of an unknown god.
   123 | D:2      | Noticed Robin
   495 | D:1      | Killed Robin
   496 | D:1      | Reached skill level 4 in Fighting
   496 | D:1      | Reached XP level 3. HP: 19/24 MP: 3/3
   704 | D:3      | Found a broken altar of Ashenzari.
   847 | D:4      | Found a staircase to the Ecumenical Temple.
   872 | Temple   | Entered the Ecumenical Temple
  1099 | Temple   | Became a worshipper of the Shining One
  1186 | D:5      | Entered Level 5 of the Dungeon
  1227 | D:5      | Reached XP level 4. HP: 29/29 MP: 4/4
  1256 | D:5      | Found a glowing silver altar of Zin.
  1351 | D:5      | Noticed a black bear
  1365 | D:5      | Killed a black bear
  1366 | D:5      | Reached skill level 1 in Evocations
  1366 | D:5      | Reached XP level 5. HP: 12/34 MP: 5/5
  1425 | D:4      | Reached skill level 5 in Fighting
  1425 | D:4      | Reached XP level 6. HP: 6/40 MP: 6/6
  1439 | D:4      | HP: 2/40 [frozen (4)]
  1792 | D:6      | Found a shadowy altar of Dithmenos.
  1806 | D:6      | Noticed Menkaure
  1820 | D:6      | Killed Menkaure
  1872 | D:6      | Reached * piety under the Shining One
  1920 | D:6      | Noticed dropkickpikachu's ghost (novice MiBe)
  1922 | D:6      | Noticed a necrophage
  1925 | D:6      | Found a runed translucent gate.
  1925 | D:6      | Noticed an orc warrior
  1966 | D:5      | Reached XP level 7. HP: 23/45 MP: 7/7
  1974 | D:5      | Found Boinn's General Store.
  1985 | D:5      | Bought a potion of berserk rage for 70 gold pieces
  1985 | D:5      | Bought a potion of lignification for 42 gold pieces
  2016 | D:5      | Slain by an ogre

Illustrated notes

Levels and vault maps discovered:
D:1:      saegor_arrival_simple_a, layout_rooms,
          dreamdust_ecumenical_altar_statues
D:2:      wad_river_or_something, layout_basic, serial_corexii_hall,
          chequers_hall_statues_corner_a, chequers_hall_statues_corner_a,
          uniq_robin
D:3:      layout_basic, evilmike_ruin_ashenzari, corexii_corridor_pit
D:4:      layout_gridville, minmay_temple_entry_sparse_star
D:5:      layout_basic, zin_academy, minitemple, serial_shops, shop,
          minmay_misc_feat_columns, minivault_25, nicolae_underground_beach
D:6:      layout_cave_pools, nicolae_overflow_crystal_walls,
          gammafunk_ghost_split, chequers_avenue, uniq_menkaure
Temple:   compressed_dpeg_triangle_lava_temple

Skill      XL: |  1  2  3  4  5  6  7 |
---------------+----------------------+-----
Axes           | 2 3 4 |  4.4
Fighting       | 4 5 |  5.8
Evocations     | 1 2 3 |  3.0
Armour         | |  3.2
Shields        | |  3.2

Action                   |  1- 3 |  4- 6 |  7- 9 || total
-------------------------+-------+-------+-------++-------
Melee: War axe           |    92 |    67 |    10 ||   169
Evoke: Wand              |       |     2 |       ||     2
  Use: Scroll            |     4 |       |     3 ||     7
Armor: Scale mail        |    50 |    41 |     3 ||    94
Dodge: Dodged            |    59 |    27 |     5 ||    91
Block: Buckler           |    22 |    13 |     3 ||    38
